Construct Weapon Support Center
Selects Advanced Infantry Battlegroup
Selects Convert to Ranger Squad
Selects Frontline Medical Station
Frontline Medical Station
Selects Ranger Weapon Training
Construct Medical Station
Selects Artillery Observers
Improved M9 Bazooka Rockets
Selects M2A1 105mm Howitzer Emplacement
Selects M2A1 105mm Howitzer Emplacement
Frontline Medical Station
Frontline Medical Station
Frontline Medical Station